 Dungeon Crawl Stone Soup version 0.31-a0-167-g1c394c0614 (webtiles) character file.

Game seed: 7933983690906951836

117 qw the Chopper (level 5, -41/32 HPs)
             Began as a Gargoyle Fighter on June 14, 2023.
             Engulfed by a cloud of flame (43 damage)
             ... in a sewer.
             The game lasted 00:01:08 (2088 turns).

qw the Chopper (Gargoyle Fighter)                   Turns: 2088, Time: 00:01:08

Health: -41/32     AC: 15    Str: 22    XL:     5   Next: 1%
Magic:  5/5        EV:  8    Int:  8    God:
Gold:   73         SH:  4    Dex:  9    Spells: 4/4 levels left

rFire   . . .        Y - +1 war axe
rCold   . . .        c - +0 buckler
rNeg    + . .        e - +0 chain mail
rPois   inf          g - +1 helmet
rElec   +            (no cloak)
rCorr   .            (no gloves)
SInv    .            (no boots)
Will    .....        (no amulet) Stlth
                     (no ring)
HPRegen 0.25/turn    (no ring)
MPRegen 0.09/turn

%: no passive effects
@: about to teleport
A: sickness immunity, AC +4, negative energy resistance 1, electricity
resistance, torment resistance 1, petrification resistance
a: no special abilities


You were in a sewer.
You visited 1 branch of the dungeon, and saw 3 of its levels.
You also visited: Sewer.

You collected 73 gold pieces.


Innate Abilities, Weirdness & Mutations

You are immune to sickness and miasma.
Your stone body is resilient. (AC +4)
You are immune to poison.
You resist negative energy. (rN+)
You are resistant to electric shocks. (rElec)
You are resistant to unholy torment.
You are immune to petrification.


   Skills:
 - Level 3.2 Fighting
 + Level 4.5 Axes
 - Level 3.2 Armour
 - Level 3.2 Shields


You had 4 spell levels left.
You didn't know any spells.
Your spell library was empty.

Inventory:

Hand Weapons
 j - a +0 whip
 Y - a +1 war axe (weapon)
Armour
 c - a +0 buckler (worn)
 e - a +0 chain mail (worn)
 g - a +1 helmet (worn)
Scrolls
 k - a scroll of teleportation
Potions
 a - a potion of curing {unknown}
 d - a potion of might
 f - a potion of heal wounds {unknown}
 h - a potion of lignification
 i - a potion of haste {unknown}

Dungeon Overview and Level Annotations

Branches:
Dungeon (3/15)              Sewer (1/1)

Altars:


Message History

Your unstable footing causes you to fumble your attack.
The bat hits you but does no damage.
You barely miss the bat. The bat hits you but does no damage.
The bat closely misses you. The bat hits you but does no damage. x2
2075 ||| Stepping ~*~*~tactically~*~*~ (water).
The bat hits you but does no damage. The bat barely misses you.
You closely miss the bat. The bat hits you but does no damage.
You slash the bat!
You kill the bat!
You enter the shallow water.
Moving in this stuff is going to be slow.
A frilled lizard comes into view.
The frilled lizard hisses angrily.
2080 ||| READING scroll labelled PUGEUCL YSOXU.
As you read the scroll labelled PUGEUCL YSOXU, it crumbles to dust.
The creatures around you are filled with an inner flame!
It was a scroll of immolation.
You miss the frilled lizard.
The frilled lizard bites you but does no damage.
You closely miss the frilled lizard. The frilled lizard bites you.
The frilled lizard closely misses you.
A bat comes into view.
You slash the frilled lizard!
The frilled lizard explodes!
The fiery explosion engulfs you!!
Ouch! That really hurt!
You are engulfed in blazing flames.
2086 ||| Stepping ~*~*~tactically~*~*~ (cloud).
You enter the shallow water.
Moving in this stuff is going to be slow.
2087 ||| READING 2 scrolls labelled HUUHOASANE.
As you read the scroll labelled HUUHOASANE, it crumbles to dust.
You feel strangely unstable.
It was a scroll of teleportation.
Really walk into that cloud of flame?
You are engulfed in blazing flames.
Ouch! That really hurt!
You die...

#~~~~..####...%.\#
#~~~~~........%..#
#~~~..~..........#
#~~~####.##.....## ~
#~~~# #####...##
~~#####~~~############
~~~.~.~~~%~~~~~~~
~~~~~¤¤¤~.~~~~~~~
~~.~b¤~@~~~~~~~~~
#################


You could see a bat.

Vanquished Creatures
  Robin (D:2)
  3 adders
  A river rat (Sewer)
  A worm (Sewer)
  2 dart slugs
  An orc (D:3)
  6 bats
  5 endoplasms
  3 giant cockroaches
  7 goblins
  9 hobgoblins
  2 jackals (Sewer)
  2 quokkas
  2 ball pythons (Sewer)
  2 frilled lizards
  7 kobolds
  3 rats
57 creatures vanquished.

Notes
Turn   | Place    | Note
-------+----------+-------------------------------------------
     0 | D:1      | qw the Gargoyle Fighter began the quest for the Orb.
     0 | D:1      | Reached XP level 1. HP: 14/14 MP: 1/1
     0 | D:1      | 0 ||| qw: Version: 0.2-a-29-g1fa15c8
     0 | D:1      | 0 ||| qw: Game counter: 5071
     0 | D:1      | 0 ||| qw: Always use a shield: true
     0 | D:1      | 0 ||| qw: God list: Okawaru
     0 | D:1      | 0 ||| qw: Allow faded altars: false
     0 | D:1      | 0 ||| qw: Do Orc after D:15 true
     0 | D:1      | 0 ||| qw: Do second Lair branch before Depths: true
     0 | D:1      | 0 ||| qw: Lair rune preference: random
     0 | D:1      | 0 ||| qw: Plans: Normal, Zot:1-4, Slime:5, God:TSO, Crypt,
                  | Tomb, Abyss, Pan, Hells, Win
     0 | D:1      | 0 ||| PLANNING D:1-11
    98 | D:1      | Reached skill level 2 in Axes
   220 | D:1      | Reached XP level 2. HP: 17/19 MP: 2/2
   300 | D:1      | Found a faded altar of an unknown god.
   418 | D:1      | 418 ||| Stepping ~*~*~tactically~*~*~ (stealth).
   793 | D:1      | 793 ||| UPGRADING to +0 chain mail.
   803 | D:1      | 803 ||| DROPPING +0 scale mail.
   804 | D:1      | 804 ||| UPGRADING to +0 helmet.
   809 | D:1      | 809 ||| READING scroll labelled ZAON VAIFF.
   810 | D:1      | 810 ||| DRINKING 2 clear potions.
   973 | D:2      | 973 ||| Stepping ~*~*~tactically~*~*~ (stealth).
  1056 | D:2      | Reached skill level 3 in Axes
  1107 | D:2      | Reached XP level 3. HP: 22/23 MP: 3/3
  1149 | D:2      | 1149 ||| Stepping ~*~*~tactically~*~*~ (stealth).
  1153 | D:2      | Noticed Robin
  1161 | D:2      | Killed Robin
  1355 | D:2      | 1355 ||| Stepping ~*~*~tactically~*~*~ (stealth).
  1417 | D:2      | Reached XP level 4. HP: 28/28 MP: 4/4
  1735 | D:2      | 1735 ||| READING scroll labelled USHRUI UHECE.
  1736 | D:2      | 1736 ||| READING scroll labelled TUZINI ZUAME.
  1737 | D:2      | 1737 ||| DRINKING 2 purple potions.
  1738 | D:2      | 1738 ||| DROPPING potion of invisibility.
  1785 | D:3      | 1785 ||| PLANNING SEWER
  1785 | D:3      | 1785 ||| Stepping ~*~*~tactically~*~*~ (stealth).
  1788 | D:3      | 1788 ||| Stepping ~*~*~tactically~*~*~ (stealth).
  1796 | D:3      | Reached skill level 4 in Axes
  1900 | D:3      | 1900 ||| DROPPING +0 club.
  1905 | D:3      | 1905 ||| Stepping ~*~*~tactically~*~*~ (hiding).
  1917 | D:3      | Found a glowing drain.
  1938 | Sewer    | Entered a sewer
  1998 | Sewer    | 1998 ||| Stepping ~*~*~tactically~*~*~ (water).
  2010 | Sewer    | 2010 ||| Stepping ~*~*~tactically~*~*~ (water).
  2019 | Sewer    | Reached XP level 5. HP: 29/32 MP: 5/5
  2039 | Sewer    | 2039 ||| READING scroll of enchant armour.
  2039 | Sewer    | 2039 ||| ENCHANTING +0 helmet.
  2075 | Sewer    | 2075 ||| Stepping ~*~*~tactically~*~*~ (water).
  2080 | Sewer    | 2080 ||| READING scroll labelled PUGEUCL YSOXU.
  2085 | Sewer    | HP: 1/32 [cloud of flame (9)]
  2086 | Sewer    | 2086 ||| Stepping ~*~*~tactically~*~*~ (cloud).
  2087 | Sewer    | 2087 ||| READING 2 scrolls labelled HUUHOASANE.
  2088 | Sewer    | Engulfed by a cloud of flame

Levels and vault maps discovered:
D:1:      amcnicky_arrival_gap_in_the_tavern_cellar, layout_basic,
          hellmonk_ecumenical_altar_arch_garden
D:2:      layout_basic, uniq_robin
D:3:      cheibrodos_thug_alley, layout_basic, lemuel_coloured_pillars_altar,
          cheibrodos_sewer_entry_drain, grunt_ministairs_13, minivault_4,
          uniq_sigmund, uniq_pargi
Sewer:    sewer_fruit_machine

Skill      XL: |  1  2  3  4 |
---------------+-------------+-----
Axes           | 2 3 4 |  4.5
Fighting       | |  3.2
Armour         | |  3.2
Shields        | |  3.2

Action                     |  1- 3 |  4- 6 || total
---------------------------+-------+-------++-------
  Melee: War axe           |   139 |    76 ||   215
    Use: Scroll            |     1 |     5 ||     6
         Potion            |     1 |     1 ||     2
   Stab: Invisible         |       |     1 ||     1
 Armour: Scale mail        |    34 |       ||    34
         Chain mail        |    41 |    41 ||    82
  Dodge: Dodged            |    59 |    35 ||    94
  Block: Buckler           |    27 |    13 ||    40

Table legend:
 A = Non-vault XP
 B = Vault XP
 C = Vault XP percentage of total XP
 D = Non-vault monster count
 E = Vault monster count
 F = Vault count percentage of total count
                 A         B        C        D         E       F
            +---------+---------+-------+---------+---------+-------
      Total |      89 |      79 |  47.0 |      34 |      23 |  40.4
            +---------+---------+-------+---------+---------+-------
        D:1 |      24 |       0 |   0.0 |      14 |       0 |   0.0
        D:2 |      39 |      28 |  41.8 |      14 |       7 |  33.3
        D:3 |      26 |       8 |  23.5 |       6 |       5 |  45.5
      Sewer |       0 |      43 | 100.0 |       0 |      11 | 100.0
            +---------+---------+-------+---------+---------+-------
